 Dungeon Crawl Stone Soup version 0.17-a0-1583-g2df49ec (webtiles) character file.

2615 Raurakos the Carver (level 9, -3/68 HPs)
             Began as a Formicid Abyssal Knight on July 28, 2015.
             Was an Elder of Lugonu.
             Killed by nerve-wracking pain
             ... invoked by a shadow imp
              (10 damage)
             ... on level 7 of the Dungeon.
             The game lasted 00:33:51 (8586 turns).

Raurakos the Carver (Formicid Abyssal Knight)       Turns: 8586, Time: 00:33:51

Health: -3/68      AC:  4    Str: 18    XL:     9   Next: 91%
Magic:  13/13      EV: 16    Int: 11    God:    Lugonu [****..]
Gold:   416        SH:  0    Dex: 13    Spells: 0 memorised, 8 levels left

rFire  . . .     SeeInvis +     a - +0 long sword
rCold  . . .     Clarity  .     n - -1 ring mail (curse)
rNeg   . . .     SustAt   .     z - +0 buckler
rPois  .         Gourm    .     (helmet unavailable)
rElec  .         Spirit   .     (no cloak)
rCorr  .         Warding  .     (no gloves)
rMut   .         Stasis   +     g - +1 pair of boots
MR     .....                    (no amulet)
Stlth  ..........               r - +3 ring of evasion
                                q - -3 ring of protection (curse)

@: confused, drained, not resistant to hostile enchantments, extremely
unstealthy
A: permanent stasis, dig shafts and tunnels, four strong arms, antennae 3
a: Dig, Shaft Self, Depart the Abyss, Bend Space, Banish, Corrupt, Renounce
Religion


You were on level 7 of the Dungeon.
You worshipped Lugonu.
Lugonu was greatly pleased with you.
You were not hungry.

You visited 2 branches of the dungeon, and saw 9 of its levels.
You visited the Abyss 1 time.

You collected 416 gold pieces.

Inventory:

Hand weapons
 a - a +0 long sword (weapon)
 b - a +1 blowgun
 B - a +1 falchion
 K - a cursed +1 long sword
Missiles
 e - 106 stones (quivered)
 p - 40 poisoned needles
Armour
 g - a +1 pair of boots (worn)
 n - a cursed -1 ring mail (worn)
 o - a +0 leather armour
 t - a +0 plate armour
 z - a +0 buckler (worn)
 D - the +8 chain mail of Tafucha {rElec rN++ MR-, unknown}
   (You found it on level 5 of the Dungeon)

   It insulates you from electricity.
   It greatly protects you from negative energy.
   It affects your resistance to hostile enchantments.
Jewellery
 q - a cursed -3 ring of protection (left hand)
 r - a +3 ring of evasion (right hand)
 y - a +5 ring of strength {unknown}
 F - an uncursed ring of magical power {unknown}
Magical devices
 u - a wand of enslavement (10)
 v - a wand of fireball (11)
 G - a wand of confusion (29)
 J - a wand of lightning (7)
Scrolls
 m - 4 scrolls of identify
 E - 2 scrolls of fog
 I - a scroll of enchant armour
Potions
 d - a potion of ambrosia
 i - 5 potions of curing
 j - a potion of lignification
 l - 3 potions of brilliance
 x - 3 potions of agility
 A - a potion of might
Books
 s - a book of Ice

   Spells                             Type                      Level
   a - Ice Form                       Ice/Transmutation            4
   b - Metabolic Englaciation         Hexes/Ice                    5
   c - Ozocubu's Refrigeration        Ice                          6
   d - Bolt of Cold                   Conjuration/Ice              6
   e - Freezing Cloud                 Conjuration/Ice/Air          6
   f - Simulacrum                     Ice/Necromancy               6
Comestibles
 c - 9 bread rations
 f - 3 fruits
 h - 2 slices of pizza
 k - a royal jelly
 w - a beef jerky
 C - 2 meat rations


   Skills:
 - Level 5.0(4.8) Fighting
 + Level 8.6(8.4) Long Blades
 - Level 5.4(5.2) Armour
 - Level 5.1(5.0) Dodging
 - Level 3.1(3.0) Shields
 + Level 5.7(5.6) Invocations


You had 8 spell levels left.
You didn't know any spells.

Dungeon Overview and Level Annotations

Branches:
Dungeon (8/15)             Temple (1/1) D:5
   Lair: D:8-11

Altars:
Ashenzari
Cheibriados
Dithmenos
Elyvilon
Fedhas
Gozag
Kikubaaqudgha
Makhleb
Nemelex Xobeh
Okawaru
Qazlal
Ru
Sif Muna
Trog
Vehumet
Xom
Yredelemnul
Zin
The Shining One

Annotations:
D:7 Joseph


Innate Abilities, Weirdness & Mutations

You are under a permanent stasis effect.
You can dig through walls and to a lower floor.
Your four strong arms can wield two-handed weapons with a shield.
You have a pair of large antennae on your head (SInv).


Message History

Joseph shoots a sling bullet.
The sling bullet completely misses you.
You see here a sling bullet.
Found 21 stones.
Drink which item? (? for menu, Esc to quit)
You are confused.
You feel invigorated. The hobgoblin barely misses you.
You bump into the rock wall.
The hobgoblin hits you.
You're too confused to move!
The hobgoblin hits you.
You slash the hobgoblin!
You kill the hobgoblin!
Lugonu accepts your kill.
Joseph shoots a sling bullet.
The sling bullet hits you. The shadow imp gestures at you.
Pain shoots through your body!
You bump into the rock wall.
Joseph shoots a sling bullet.
The sling bullet hits you!!
* * * LOW HITPOINT WARNING * * *
The shadow imp gestures at you. Pain shoots through your body!
You die...

.... . .##..# ..
##>##..## ...#########
#..##....##
...........###..........
..(..............###...#
#...##...)......##..#
#$@†5(........##...
####..@.(.....##...
####..>.......†.
##...........
#####...........
##.....{..>..##..
###.......{###..#..
#..........@.......
##.........##.#.#


You could see Joseph and a shadow imp.

Vanquished Creatures
  Sigmund (D:4)
  Eustachio (D:5)
  2 orc warriors
  A spider (D:8)
  A black bear (D:8)
  A sky beast (D:5)
  8 ogres
  A centaur (D:5)
  Blork the orc (D:4)
  3 giant frogs
  A wight (D:8)
  3 crimson imps
  2 hounds
  2 centaur skeletons
  2 orc priests
  A gnoll shaman (D:6)
  3 orc wizards
  3 worker ants
  2 iguanas (D:4)
  2 hound skeletons (D:7)
  3 gnolls
  9 adders
  2 shadow imps
  3 oozes
  An adder skeleton (D:4)
  3 worms
  10 orcs
  11 bats
  A bat skeleton (D:4)
  6 giant cockroaches
  10 goblins
  11 hobgoblins
  3 jackals (D:3)
  13 kobolds
  6 quokkas
  7 giant geckos
  8 giant newts
  16 rats
164 creatures vanquished.

Notes
Turn   | Place    | Note
--------------------------------------------------------------
     0 | Abyss:1  | Raurakos the Formicid Abyssal Knight began the quest for the Orb.
     0 | Abyss:1  | Reached XP level 1. HP: 18/18 MP: 2/2
   117 | Abyss:1  | Noticed a balrug
   117 | Abyss:1  | Noticed a quasit
   117 | Abyss:1  | Noticed a small abomination
   118 | Abyss:1  | Noticed a tentacled starspawn
   119 | D:1      | Escaped the Abyss
   273 | D:1      | Acquired Lugonu's first power
   431 | D:1      | Reached XP level 2. HP: 24/24 MP: 3/3
   614 | D:1      | Reached XP level 3. HP: 25/29 MP: 4/4
  1307 | D:2      | Found an ancient bone altar of Kikubaaqudgha.
  1522 | D:2      | Reached skill level 4 in Long Blades
  1522 | D:2      | Reached XP level 4. HP: 35/35 MP: 5/5
  2006 | D:2      | Acquired Lugonu's second power
  2754 | D:3      | Reached XP level 5. HP: 31/41 MP: 6/6
  3064 | D:3      | Reached skill level 5 in Long Blades
  3794 | D:4      | Reached XP level 6. HP: 44/47 MP: 7/7
  3822 | D:4      | Noticed Sigmund
  3843 | D:4      | Acquired Lugonu's third power
  3919 | D:4      | Killed Sigmund
  3919 | D:4      | Reached skill level 6 in Long Blades
  3964 | D:4      | Noticed an ogre
  4007 | D:4      | Killed an ogre
  4007 | D:4      | Reached skill level 7 in Long Blades
  4007 | D:4      | Reached XP level 7. HP: 52/52 MP: 8/8
  4118 | D:4      | Noticed Blork the orc
  4140 | D:4      | Killed Blork the orc
  4404 | D:4      | Found a shadowy altar of Dithmenos.
  4442 | D:4      | Reached skill level 8 in Long Blades
  4519 | D:4      | Reached skill level 1 in Dodging
  4539 | D:5      | Entered Level 5 of the Dungeon
  4555 | D:5      | Reached XP level 8. HP: 44/58 MP: 9/9
  4652 | D:5      | Found a staircase to the Ecumenical Temple.
  4662 | Temple   | Entered the Ecumenical Temple
  4987 | D:5      | Noticed Eustachio
  5029 | D:5      | Killed Eustachio
  5256 | D:5      | Got a transparent chain mail
  5502 | D:6      | Reached skill level 1 in Shields
  6157 | D:5      | Reached skill level 5 in Dodging
  6157 | D:5      | Reached XP level 9. HP: 35/64 MP: 10/10
  6484 | D:6      | Acquired Lugonu's fourth power
  7021 | D:7      | Reached skill level 5 in Armour
  7192 | D:7      | Noticed Joseph
  8223 | D:8      | Reached skill level 5 in Fighting
  8276 | D:8      | Reached skill level 5 in Invocations
  8586 | D:7      | Killed from afar by a shadow imp

Vault maps used:
D:1:      wheals_arrival_linesprint, serial_glass, glass_columns_b,
          glass_columns_a, glass_columns_a, glass_columns_a, feat_on_display,
          minmay_crystal_room
D:2:      lemuel_doored_altar
D:4:      first_bread, grunt_dithmenos_shadows, uniq_blork_the_orc, uniq_sigmund
D:5:      temple_statues, uniq_eustachio
D:7:      minivault_4, kennysheep_generic_room_13, uniq_joseph
D:8:      hangedman_pestilent_swarm, kennysheep_nub, st_stairs_1,
          roderic_lattice_a, nicolae_tso_swordbearing_angel
Temple:   kilobyte_greek_temple_18

Action                   |  1- 3 |  4- 6 |  7- 9 || total
-------------------------+-------+-------+-------++-------
Melee: Falchion          |    83 |   144 |    87 ||   314
       Long sword        |       |       |   279 ||   279
 Fire: Blowgun           |       |    21 |   109 ||   130
Throw: Stone             |    42 |    55 |     4 ||   101
Invok: Depart the Abyss  |     1 |       |       ||     1
       Bend Space        |       |       |     5 ||     5
  Use: Scroll            |     6 |     5 |     4 ||    15
       Potion            |       |       |     2 ||     2
 Stab: Distracted        |       |     1 |       ||     1
  Eat: Chunk             |     2 |     8 |    15 ||    25
